 Dungeon Crawl Stone Soup version 0.17-a0-1798-g879a7aa (webtiles) character file.

34 AvaKnavely the Chiller (level 3, -1/21 HPs)
             Began as a High Elf Ice Elementalist on Sept 10, 2015.
             Slain by a quokka (3 damage)
             ... on level 2 of the Dungeon.
             The game lasted 00:07:03 (1242 turns).

AvaKnavely the Chiller (High Elf Ice Elementalist)  Turns: 1242, Time: 00:07:03

Health: -1/21      AC:  2    Str:  7    XL:     3   Next: 14%
Magic:  1/8        EV: 13    Int: 19    God:
Gold:   75         SH:  0    Dex: 16    Spells: 2 memorised, 5 levels left

rFire  . . .     SeeInvis .     o - +0 short sword
rCold  . . .     Clarity  .     a - +0 robe
rNeg   . . .     SustAt   .     (no shield)
rPois  .         Gourm    .     (no helmet)
rElec  .         Spirit   .     (no cloak)
rCorr  .         Warding  .     (no gloves)
rMut   .         Stasis   .     (no boots)
MR     .....                    (no amulet)
Stlth  ++........               (no ring)
                                (no ring)

@: lethally poisoned (-1 -> -6), not resistant to hostile enchantments,
unstealthy
A: no striking features
a: no special abilities


You were on level 2 of the Dungeon.
You were hungry.

You visited 1 branch of the dungeon, and saw 2 of its levels.

You collected 75 gold pieces.

Inventory:

Hand weapons
 o - a +0 short sword (weapon)
Armour
 a - a +0 robe (worn)
Scrolls
 d - a scroll of teleportation {unknown}
 f - a scroll of remove curse {unknown}
 g - a scroll of noise {unknown}
 h - 2 scrolls of identify {unknown}
 j - a scroll of magic mapping {unknown}
Potions
 e - 2 potions of agility {unknown}
 i - a potion of lignification {unknown}
 k - 2 potions of flight {unknown}
 l - 3 potions of heal wounds {unknown}
 m - a potion of haste {unknown}
 n - a potion of cancellation {unknown}
Books
 b - a book of Frost

   Spells                             Type                      Level
   a - Freeze                         Ice                          1
   b - Throw Frost                    Conjuration/Ice              2
   c - Ozocubu's Armour               Charms/Ice                   3
   d - Throw Icicle                   Conjuration/Ice              4
   e - Summon Ice Beast               Ice/Summoning                4
   f - Condensation Shield            Ice                          4
Comestibles
 c - 2 bread rations
 p - a chunk of flesh


   Skills:
 - Level 2.6 Dodging
 - Level 2.2 Stealth
 + Level 0.1 Unarmed Combat
 + Level 3.1 Spellcasting
 + Level 1.1 Conjurations
 + Level 3.5 Ice Magic


You had 5 spell levels left.
You knew the following spells:

 Your Spells              Type           Power        Failure   Level  Hunger
a - Freeze                Ice            ###.         4%          1    None
b - Throw Frost           Conj/Ice       ##....       10%         2    ##.....


Dungeon Overview and Level Annotations

Branches:
Dungeon (2/15)

Altars:
Nemelex Xobeh


Message History

The adder barely misses you.
Casting: Throw Frost
Confirm with . or Enter, or press ? or * to list all spells.
Aiming: Freeze
Press: ? - help, Shift-Dir - straight line, f/p - giant gecko
Aim: a giant gecko (clinging)
You freeze the giant gecko.
The giant gecko seems to slow down.
The giant gecko is heavily wounded.
The adder bites you.
You are poisoned.
The adder poisons you! The quokka barely misses you. The giant gecko bites you.
You miss the giant gecko.
The giant gecko is heavily wounded.
You feel sick. The adder bites you. The quokka bites you.
The giant gecko closely misses you. The adder barely misses you.
The quokka bites you.
* * * LOW HITPOINT WARNING * * *
* * * LOW HITPOINT WARNING * * *
You feel sick. The quokka bites you.
You die...

#####
###...#### #
........##
#.####........#
...............
#...<.......
#...@.......
####Sr.#...#
#l..# #.# #...#
# †#### . #. #.
#.


You could see an adder, a giant gecko and a quokka.

Vanquished Creatures
  An ooze (D:1)
  A giant gecko (D:1)
  4 giant cockroaches
  3 hobgoblins
  7 jackals (D:1)
  3 giant newts (D:1)
  2 goblins (D:1)
  4 kobolds (D:1)
  2 rats (D:1)
27 creatures vanquished.

Vanquished Creatures (others)
  A rat (D:1)
1 creature vanquished.

Grand Total: 28 creatures vanquished

Notes
Turn   | Place    | Note
--------------------------------------------------------------
     0 | D:1      | AvaKnavely the High Elf Ice Elementalist began the quest for the Orb.
     0 | D:1      | Reached XP level 1. HP: 11/11 MP: 4/4
   136 | D:1      | Reached XP level 2. HP: 12/17 MP: 1/6
   264 | D:1      | Learned a level 2 spell: Throw Frost
   939 | D:1      | Found a sparkling altar of Nemelex Xobeh.
   952 | D:1      | Reached XP level 3. HP: 14/21 MP: 6/8
  1242 | D:2      | Slain by a quokka

Vault maps used:
D:1:      lemuel_arrival_behind_the_door_large, serial_forest,
          infiniplex_forest_zigzag_1, infiniplex_forest_split,
          infiniplex_forest_join, infiniplex_forest_straight_2,
          infiniplex_forest_clump_curved, nemelex_altar_shiori
D:2:      first_bread, lemuel_blue_sif_altar

Action                   || total
-------------------------++-------
Melee: Unarmed           ||    36
       Short sword       ||    20
 Cast: Freeze            ||    25
       Throw Frost       ||    12
 Stab: Distracted        ||     1
  Eat: Chunk             ||     1
